[Event "Hungarian Championship Women 2022"]
[Site "Budapest"]
[Date "2022.12.08"]
[Round "4.4"]
[White "Demeter, Dorina"]
[Black "Szente Varga, Fruzsina"]
[Result "1-0"]
[ECO "D78"]
[WhiteElo "2149"]
[BlackElo "2075"]
[Annotator "TA"]
[PlyCount "79"]
[EventDate "2022.12.03"]
[EventType "tourn"]
[EventCountry "HUN"]
[SourceTitle "playchess.com"]
[Source "ChessBase"]
[SourceQuality "1"]
[TimeControl "40/5400+30:1800+30"]

1. Nf3 Nf6 2. g3 g6 3. Bg2 Bg7 4. O-O d5 5. d4 O-O 6. c4 c6 7. a4 {[%emt 0:01:01] 7.Nc3 is setting a new trend. D78: Fianchetto Grünfeld: 6 0-0 c6.} Ne4 8. a5 {[%emt 0:06:45] [#]} (8. Nc3 $14) 8... Bf5 $146 (8... dxc4 9. Nc3 Nd6) ({Predecessor:} 8... a6 9. Qb3 dxc4 10. Qxc4 Be6 11. Qb4 Nd6 12. Nc3 Nb5 13. Bf4 f6 14. Rfd1 Bf7 {1-0 (32) Cordova,E (2592)-Khachiyan,M (2481) Chess.com INT 2020}) 9. Qb3 {[%emt 0:08:06] The position is equal.} Qc8 (9... c5) (9... Nd6 $11) 10. Nc3 dxc4 11. Qxc4 Nd6 12. Qa4 Na6 13. Bg5 Re8 14. Rac1 Qe6 15. Nd2 {[%emt 0:09:43] Prevents Qc4.} Bh3 16. e4 Bxg2 (16... c5 $5 17. d5 Qg4 18. Bxh3 Qxh3 $11) 17. Kxg2 b5 (17... Red8 {simplifies} 18. Rcd1 h6 19. Be3 Rac8) 18. axb6 axb6 19. Qxc6 Nb4 {[%emt 0:04:46] Inhibits d5.} 20. Qxb6 Nd3 (20... Rab8 $14 21. d5 Qxe4+ 22. Ndxe4 (22. Ncxe4 Rxb6 23. Be3 Rb5 $11) 22... Rxb6) 21. Ra1 (21. Rb1 $16) 21... Rab8 $1 $14 {[%emt 0:01:49] Prevents d5.} 22. Qa6 Nxb2 (22... Nb4 $1 $14 23. Qe2 Bxd4) 23. Be3 (23. e5 $18 {and White stays clearly on top.} Qg4 24. Bf4) 23... Rec8 24. Rfc1 Qd7 $2 (24... Ndc4 $16) 25. Nd5 $18 Rxc1 26. Rxc1 {[%emt 0:00:02] [#] Threatens to win with Rc7.} e6 $2 (26... Nxe4 $2 27. Qc6 Qxc6 28. Nxe7+ (28. Rxc6 Nxd2 29. Bxd2 Bxd4 $11) 28... Kf8 29. Nxc6 $18) (26... Qb7 {was called for.} 27. Qxb7 Rxb7) 27. Rc7 {[%emt 0:02:15] White is clearly winning.} Qb5 (27... Qd8 $142) 28. Ne7+ Kh8 29. Qxd6 Nd1 30. Qf4 e5 31. Qxf7 {[%emt 0:01:23][%cal Oe7g6] [#] White wants to mate with Nxg6+!} Nxe3+ 32. fxe3 {[%emt 0:00:37][%cal Oe7g6] White threatens Nxg6+! and mate.} Qe2+ 33. Qf2 Qg4 34. h3 Qd1 35. Rc8+ Rxc8 36. Nxc8 exd4 37. exd4 Qc2 38. Nd6 Qc6 39. Nf7+ Kg8 40. Ne5 {[%emt 0:00:00] Weighted Error Value: White=0.21 (precise) /Black=0.46} 1-0

[Event "Hungarian Championship Women 2022"]
[Site "Budapest"]
[Date "2022.12.08"]
[Round "4.5"]
[White "Karacsonyi, Kata"]
[Black "Mihok-Juhasz, Barbara"]
[Result "0-1"]
[ECO "B40"]
[WhiteElo "2109"]
[BlackElo "2206"]
[Annotator "TA"]
[PlyCount "118"]
[EventDate "2022.12.03"]
[EventType "tourn"]
[EventCountry "HUN"]
[SourceTitle "playchess.com"]
[Source "ChessBase"]
[SourceQuality "1"]
[TimeControl "40/5400+30:1800+30"]

1. e4 c5 2. Nf3 e6 3. d4 cxd4 4. Nxd4 Nf6 5. Nc3 Qb6 6. Nb3 (6. Ndb5 {feels hotter.} a6 7. e5 Nd5 8. Nxd5 exd5 9. Be3) 6... Bb4 {[%emt 0:02:01] B40: Sicilian: 2...e6, Unusual lines.} 7. Bd3 d6 8. O-O Bxc3 {[%emt 0:00:30] The position is equal.} 9. bxc3 e5 10. Rb1 {[%emt 0:07:05] [#]} O-O $146 ({Predecessor:} 10... Be6 11. Ba3 O-O 12. Nd4 Qa5 13. Nxe6 fxe6 14. Bxd6 Rc8 15. Rb5 Qxa2 16. Bxe5 Nbd7 17. Bxf6 Nxf6 {½-½ (48) Karkalas,A (2235)-Narmontas,R Radviliskis 1995}) 11. Ba3 Qc7 12. f4 Ng4 (12... Nbd7 $11) 13. Qd2 Nc6 14. Be2 (14. Bc4 {looks sharper.} Qb6+ 15. Nd4 Qa5 16. Nb5) 14... Rd8 {[%emt 0:00:44] [#]} 15. Bxg4 ({Better is} 15. Rfd1 $1 $16) 15... Bxg4 $11 16. f5 {[%emt 0:03:57] h3 is the strong threat.} (16. h3 $5 Bc8 17. Rfd1 $11) 16... f6 $1 17. Qd3 (17. h3 $1 $11 Bh5 18. g4) 17... Bh5 $17 18. c4 Rd7 (18... Rac8 $17 19. Rfc1 Bf7) 19. c5 $1 $11 dxc5 20. Qh3 Be2 21. Rfe1 (21. Nxc5 Bxf1 22. Rxb7 Qxb7 23. Nxb7 Rd1) 21... Ba6 22. Nxc5 Rf7 23. Nxa6 bxa6 24. Qd3 Qa5 25. Qd6 Qa4 26. c3 (26. Qd5 {with more complications.} Qxa3 27. Rb7 Raf8 28. Rxf7 Rxf7 29. Qxc6 Qxa2 30. Rd1) 26... h6 27. Rb3 Qc4 (27... Kh7 $5 ) 28. Qd5 Qxd5 29. exd5 Na5 30. Rb4 {[%emt 0:00:13][%cal Bb3b4,Bb4a4,Ba4a6][%mdl 32] Black must now prevent c4.} Rc8 {[%emt 0:00:54] Prevents c4.} 31. Ra4 Nc4 32. Rxa6 Rd7 33. Bb4 Nb6 34. d6 Rc4 35. Ra5 Kf7 36. Rd1 Rf4 37. Rf1 Rc4 38. Rd1 Rf4 39. Rf1 Rc4 40. g3 g6 41. fxg6+ Kxg6 42. Kg2 h5 43. h3 Re4 44. Kf3 f5 {[%emt 0:02:00] Threatens to win with ...Nc4.} 45. g4 $2 {[%emt 0:05:46] [#]} (45. Bc5 $11) 45... hxg4+ (45... fxg4+ $2 46. Kxe4 Nc4 47. Rd5 $18) (45... Nc4 $1 $17 46. gxf5+ Kxf5 47. Kg3+ Ke6) 46. hxg4 Nc4 47. gxf5+ Kxf5 {[%emt 0:00:10] The board is on fire.} 48. Kg3+ Ke6 {[%emt 0:00:45][%mdl 1024] Black has compensation.} 49. Ra6 $1 Ne3 ({Don't play} 49... Nxd6 50. Rf3 $16) 50. Rf8 {[%emt 0:02:11] Strongly threatening Kf3.} Nd5 51. Kf3 Rh4 52. Re8+ Kf5 (52... Kf7 {simplifies} 53. Rxe5 Nxb4 54. cxb4 Rxb4 55. Ke3 Rb6) 53. Ra5 Rh3+ 54. Kf2 {[%emt 0:03:26] White does not recover from this.} ({White should play} 54. Ke2 $15 Ke4 55. Bc5) 54... Ke4 $19 {[%emt 0:00:16] And now ...Rf7+ would win.} 55. Bc5 $2 (55. Rxd5 Kxd5 56. Re7 Rxe7 57. dxe7) 55... Rf7+ 56. Ke1 Rh1+ {[%emt 0:01:13] Black mates.} ({Inferior is} 56... Nxc3 57. Bg1 Nd5 58. Ra4+ (58. Rxa7 Rxa7 59. Bxa7 Rh1+ 60. Kd2 Rh2+ 61. Kc1 Nf6 $11) 58... Kf5 59. Ra5 $11 (59. Rxa7 Rxa7 60. Bxa7 Rh1+ 61. Kd2 Rh2+ $11)) 57. Kd2 Rh2+ 58. Ke1 Kd3 59. Rh8 Re2+ {Weighted Error Value: White=0.37/Black=0.11 (very precise)} 0-1

[Event "Hungarian Championship Women 2022"]
[Site "Budapest"]
[Date "2022.12.09"]
[Round "5.1"]
[White "Mihok-Juhasz, Barbara"]
[Black "Terbe, Zsuzsanna"]
[Result "0-1"]
[ECO "B30"]
[WhiteElo "2206"]
[BlackElo "2114"]
[Annotator "TA"]
[PlyCount "94"]
[EventDate "2022.12.03"]
[EventType "tourn"]
[EventCountry "HUN"]
[SourceTitle "playchess.com"]
[Source "ChessBase"]
[SourceQuality "1"]
[TimeControl "40/5400+30:1800+30"]

1. e4 c5 2. Nf3 Nc6 3. Nc3 e5 4. Bc4 d6 5. d3 h6 6. a3 {[%emt 0:00:34] B30: Sicilian: 2...Nc6 3 Bb5, lines without ...g6.} Nf6 {[%emt 0:00:25] [#]} 7. b4 $146 ({Predecessor:} 7. Bd2 Nd4 8. h3 a6 9. Nxd4 exd4 10. Nd5 b5 11. Nxf6+ Qxf6 12. Bd5 Rb8 13. Ba5 Bd7 {1-0 (38) De La Ossa,M (1473)-Sepulveda Navarro,D Barranquilla 2022}) 7... b6 8. Nd5 {[%emt 0:07:40] White is slightly better.} Be6 9. Bb5 Bd7 10. c4 Nxd5 11. cxd5 Nb8 12. Bxd7+ Nxd7 13. O-O Be7 14. bxc5 bxc5 15. Nd2 O-O 16. Nc4 Nb6 17. Na5 Bg5 (17... Nxd5 $2 18. Nc6 Nc3 19. Nxd8 $18) 18. Nc6 Qd7 19. Bxg5 hxg5 20. Qh5 f6 21. Rfb1 Nc8 22. Rb3 Ne7 23. Nxe7+ Qxe7 24. Rab1 Qc7 {[%emt 0:03:18] [#]} (24... Rac8 $14 {is superior.}) 25. h4 $1 $16 {[%emt 0:07:15] Threatens to win with Rb7.} ({Reject} 25. Rb7 $6 Rab8 26. Rxb8 (26. Rxc7 $2 {leads to mate.} Rxb1+) 26... Rxb8 27. Rxb8+ Qxb8 $11) 25... Rf7 $2 (25... Rab8 $16) 26. hxg5 $18 fxg5 27. Qxg5 Raf8 28. R1b2 Qa5 29. Qe3 (29. Rb7 $142) 29... Qa4 $16 {[%emt 0:00:46][%cal Of7f2] [#]} 30. f3 ({Better is} 30. Qh3 $1 $16) 30... Rf6 $11 31. Kf2 Rg6 32. Rc3 Qd1 {[%emt 0:02:03] ( -> ...Qh1)} 33. Rc1 Qa4 34. Rcc2 Qxa3 35. Ra2 Qb3 36. Qd2 {[%emt 0:01:36] Black must now prevent Rcb2.} Qb6 {[%emt 0:01:31] ...c4+ is the strong threat.} 37. Rcb2 Qd8 {[%emt 0:00:05] Hoping for ...Qh4+.} 38. Qa5 $2 (38. Rxa7 $2 {loses.} Qh4+ 39. Kg1 Rxf3 $19) (38. Ke1 $11) 38... Qh4+ {[%emt 0:00:44] Black mates.} 39. Kg1 Rxf3 40. Rf2 Rh3 41. Kf1 Re3 42. Kg1 Rh6 43. Rf1 Rxd3 44. Raa1 Rg3 45. Ra3 Qh2+ 46. Kf2 Qxg2+ 47. Ke1 Qxe4+ {[%emt 0:00:09] Black used his chance.   Weighted Error Value: White=0.27 (precise) /Black=0.12 (very precise)} 0-1

[Event "Hungarian Championship Women 2022"]
[Site "Budapest"]
[Date "2022.12.09"]
[Round "5.2"]
[White "Szente Varga, Fruzsina"]
[Black "Karacsonyi, Kata"]
[Result "0-1"]
[ECO "B24"]
[WhiteElo "2075"]
[BlackElo "2109"]
[Annotator "TA"]
[PlyCount "68"]
[EventDate "2022.12.03"]
[EventType "tourn"]
[EventCountry "HUN"]
[SourceTitle "playchess.com"]
[Source "ChessBase"]
[SourceQuality "1"]
[TimeControl "40/5400+30:1800+30"]

1. e4 c5 2. Nc3 Nc6 3. Bb5 e6 4. Bxc6 bxc6 5. d3 d5 6. f4 {[%emt 0:04:45] B23: Closed Sicilian: Lines without g3.} Ba6 7. Nge2 {[%emt 0:21:31] [#]} Qh4+ $146 ({Predecessor:} 7... c4 8. O-O Nf6 9. Be3 Be7 10. Nd4 Rc8 11. Nf3 Qc7 12. b3 cxd3 13. cxd3 O-O {0-1 (52) Ji,J (1094)-Naessvold,K (1949) Ostersund 2016}) 8. Ng3 {[%emt 0:01:17] The position is equal.} c4 9. d4 Nf6 10. Qf3 c5 (10... Bb4 $11) 11. Be3 $14 O-O-O (11... cxd4 $14 12. Bxd4 Be7) 12. exd5 (12. dxc5 dxe4 13. Ncxe4 Bb7 $14) ({White should play} 12. O-O-O $16) 12... cxd4 13. Bxd4 Bb7 (13... Nxd5 $14 14. Nxd5 (14. Bxa7 Qxf4 15. Qxf4 Nxf4 $11) 14... Bb7) 14. O-O-O (14. O-O $16) 14... Nxd5 15. Nxd5 Rxd5 16. Qf1 Kb8 17. Be5+ (17. Qxc4 Qxf4+ 18. Kb1 e5 $17) 17... Ka8 18. Qxc4 $2 (18. Qe2 $11) 18... Rxe5 $19 {[%emt 0:00:25][%mdl 64] Pin, Discovered Attack} 19. Rd7 {[%emt 0:03:17] Strongly threatening Qc7.} Rc5 {[%emt 0:02:40] Inhibits Qc7.} (19... Bxg2 $2 20. Qc8#) (19... Bc5 20. Rxb7 $1 Kxb7 21. Qb5+ Ka8 22. fxe5 (22. Qc6+ Kb8 $14) 22... Qg5+ 23. Kb1 Qxe5 24. Rd1 $14) 20. Qa4 Be7 (20... Bxg2 $2 21. Qxa7#) 21. Rhd1 Rhc8 (21... Bxg2 $2 22. Qxa7#) (21... Qxh2 $2 22. Nf1 Qxg2 23. Rxe7 $17) 22. c3 R5c6 (22... Bxg2 $2 23. Qxa7#) 23. Kb1 Ra6 24. Qd4 Qf6 (24... Qxh2 $2 {is the wrong capture.} 25. Qd3 Bh4 26. Ne4 Qxf4 27. Rxb7 Kxb7 28. g3 Bxg3 29. Nxg3 $19) 25. Qd3 Bc5 26. Ne4 Qf5 27. Nxc5 Qxc5 (27... Rxc5 $2 {too greedy.} 28. Qxf5 exf5 29. Rxf7 $19) 28. Rxf7 Rb6 29. Rxg7 $2 (29. Qd4 Qa5 30. c4) 29... Qf2 $2 ({And not} 29... Qxc3 30. Qxc3 Rxc3 31. Rd8+ Rc8 32. Rxc8+ Bxc8 33. Rxh7 $15) (29... Qa3 $19 {[%csl Gb6][%cal Ra3b2] is more deadly.} 30. b3 Bd5) 30. Qd2 $17 Qc5 (30... Qh4 $17 31. g3 Qf6) 31. Ka1 $2 {[%emt 0:00:22] [#]} (31. Qd3 $1 $11) 31... Bd5 $1 $40 {[%emt 0:00:30][%mdl 128] Threatens to win with ...Ra6. Black is out for blood.} 32. Rxh7 $2 (32. Rg5) 32... Ra6 33. a3 Qc4 34. Kb1 {[%emt 0:00:14] [#]} Be4+ {[%emt 0:00:10] Weighted Error Value: White=0.87/Black=0.48} (34... Rxa3 $142 $3 35. Re1 Qb3 36. Qxd5+ exd5 37. Rh8 Rxh8 38. Kc1 Ra1+ 39. Kd2 Qxb2+ 40. Ke3 Qxc3+ 41. Kf2 Rxe1 42. h3 Qe3#) 0-1

[Event "Hungarian Championship Women 2022"]
[Site "Budapest"]
[Date "2022.12.09"]
[Round "5.3"]
[White "Erdos, Boglarka"]
[Black "Demeter, Dorina"]
[Result "1/2-1/2"]
[ECO "C54"]
[WhiteElo "2180"]
[BlackElo "2149"]
[Annotator "TA"]
[PlyCount "101"]
[EventDate "2022.12.03"]
[EventType "tourn"]
[EventCountry "HUN"]
[SourceTitle "playchess.com"]
[Source "ChessBase"]
[SourceQuality "1"]
[TimeControl "40/5400+30:1800+30"]

1. e4 e5 2. Nf3 Nc6 3. Bc4 Bc5 4. c3 Nf6 5. d4 exd4 6. e5 d5 7. Bb5 Ne4 8. cxd4 Bb6 9. Nc3 O-O 10. Be3 {[%emt 0:01:10] C54: Giuoco Piano: 4 c3 Nf6, main lines with 5 d4 and 5 d3.} Ba5 11. Rc1 Bg4 12. O-O {[%emt 0:23:01] White is slightly better.} Bxc3 13. bxc3 f6 14. exf6 (14. Qc2 $5 ) 14... Qxf6 15. Be2 Rae8 16. Qb3 Qd6 {[%emt 0:03:10] [#]} 17. c4 $146 ({Much weaker is} 17. Qxb7 {[#]} Nd2 $1 18. Nxd2 Bxe2 $15) ({Predecessor:} 17. Rfe1 Bxf3 18. Bxf3 Na5 19. Qb4 Qxb4 20. cxb4 Nc4 21. a4 a6 22. a5 c6 23. Be2 Ned6 24. Bd3 Re6 25. Bg5 Rfe8 26. Re4 Re5 27. Rxe5 Re6 {½-½ (27) Muzychuk,M (2539)-Salimova,N (2353) Warsaw 2021}) 17... Na5 {[%emt 0:17:44] Pair of Knights!} 18. Qb5 Nxc4 (18... Bxf3 $5 19. gxf3 Nxc4 20. Bxc4 (20. fxe4 $2 {loses.} Nxe3 21. fxe3 Qg6+ 22. Kh1 Qxe4+ $19) 20... c6 21. Bxd5+ (21. Qxb7 dxc4 22. Qa6 Rxf3 $17) 21... cxd5 $11) 19. Bxc4 c6 {[%emt 0:06:22] [#]} 20. Bxd5+ $1 Qxd5 21. Qxd5+ cxd5 22. Ne5 Be2 23. Rfe1 Ba6 24. f3 Nd6 25. Bd2 Nc4 26. Bb4 Rf6 27. Nxc4 Rxe1+ 28. Rxe1 {[%emt 0:00:06] aiming for Re8+.} Bxc4 $14 {[%emt 0:00:11][%mdl 4096] Endgame KRB-KRB} 29. Re8+ Kf7 30. Re7+ Kg6 31. Rxb7 Rf7 32. Rxf7 Kxf7 {[%emt 0:00:02] KB-KB} 33. a3 h5 34. Kf2 Ke6 35. g4 hxg4 36. fxg4 g6 37. Kg3 Kf7 38. Kf4 a6 39. Ke5 Ba2 40. h4 Bc4 41. Kf4 Kg7 42. Bd6 Be2 43. Kg5 Bd1 44. h5 gxh5 45. Kxh5 Kg8 46. Kg5 Be2 47. Kf5 Bd3+ 48. Kf6 {[%emt 0:00:40] White is better.} Be2 49. g5 Bc4 50. g6 Ba2 51. Be5 {[%emt 0:00:20] Weighted Error Value: White=0.06 (flawless) /Black=0.07 (flawless)} 1/2-1/2

[Event "Hungarian Championship Women 2022"]
[Site "Budapest"]
[Date "2022.12.09"]
[Round "5.5"]
[White "Ivan-Gal, Hanna Krisztina"]
[Black "Dudas, Eszter"]
[Result "1/2-1/2"]
[ECO "C18"]
[WhiteElo "2164"]
[BlackElo "2135"]
[Annotator "TA"]
[PlyCount "80"]
[EventDate "2022.12.03"]
[EventType "tourn"]
[EventCountry "HUN"]
[SourceTitle "playchess.com"]
[Source "ChessBase"]
[SourceQuality "1"]
[TimeControl "40/5400+30:1800+30"]

1. e4 e6 2. d4 d5 3. Nc3 Bb4 4. e5 c5 5. a3 Bxc3+ 6. bxc3 Qc7 7. Qg4 f5 8. Qh5+ g6 9. Qd1 cxd4 10. cxd4 Qc3+ {[%emt 0:00:33] C18: French: 3 Nc3 Bb4: Main line: 7 h4 and 7 Qg4.} 11. Bd2 Qxd4 12. Nf3 Qa4 {[%emt 0:02:10] White is slightly better.} 13. Bd3 {[%emt 0:03:10][%mdl 1024] White has compensation.} (13. Rb1 $5 a6 14. c4 Qxd1+ 15. Rxd1 $11) 13... Ne7 {[%emt 0:03:04] [#]} 14. O-O $146 ({Predecessor:} 14. Rb1 Nbc6 15. Bb5 Qe4+ 16. Be3 O-O 17. Bd3 Qa4 18. Qc1 Qa5+ 19. Bd2 Qc7 20. Qb2 {1-0 (54) Stephan,W-Mack,A corr 1963}) 14... O-O 15. Rb1 Nec6 16. Bb5 Qxa3 17. Rb3 {[%emt 0:03:44] Prevents a6.} Qe7 18. Bg5 Qe8 19. Bh6 {[%emt 0:21:05] Against a6} Rf7 20. c4 ({White should try} 20. Ng5 $11) 20... dxc4 21. Bxc4 Na5 (21... Na6 $5) 22. Rd3 $1 {[%emt 0:01:19] Rd8 would kill now.} Nbc6 {[%emt 0:02:59] Against Rd8} (22... Nxc4 $2 23. Rd8 Re7 24. Rxe8+ Rxe8 25. Qa4 $18) 23. Ba2 {[%emt 0:02:21] Threatens to win with Ng5. A strong pair of Bishops.} b5 24. Ng5 {[%emt 0:01:36] Prevents b4.} (24. Re1 {simplifies} Nc4 25. Bxc4 bxc4 26. Rd6) 24... Re7 25. Rd6 Nb7 {[%emt 0:01:01] White should prevent ...a5.} (25... Nxe5 $2 26. Rd8 Bd7 27. Rxe8+ Raxe8 28. h3 $18) 26. Qe2 Nb4 (26... Nxd6 $2 27. exd6 Rf7 28. Nxf7 Qxf7 29. Rc1 $18 (29. Qxb5 Bd7 $16)) (26... Rb8 $15) 27. Bb3 {[%emt 0:02:33] [#]} Nc5 (27... Nxd6 $2 28. exd6 Rf7 29. Nxe6 $18) (27... a5 $1 $17 {White must now prevent ...Nc5.} 28. Rfd1 Na6) 28. Qd2 $1 $11 {[%emt 0:02:09] Strongly threatening Rd8. The position is equal.} Nc6 {[%emt 0:03:52][%cal Bb4c6,Bc6e5,Be5c4][%mdl 32] Inhibits Rd8.} (28... Nxb3 $2 29. Qxb4 a5 30. Qxb3 $18) 29. Ba2 Nb7 (29... Nxe5 $2 30. Rd8 Bd7 31. Rxe8+ Raxe8 32. Rc1 $18) 30. Rc1 Nxe5 31. Rxc8 {[%emt 0:03:35][%mdl 64] [#] Remove Defender} Rxc8 32. Rxe6 {[%emt 0:05:16] Chess con chili.} Nc4 33. Rxe7 $40 {[%emt 0:00:46][%mdl 128] White attacks.} Qxe7 34. Qd5+ Kh8 35. Nf7+ (35. Qxb5 $2 Qe1#) 35... Kg8 36. Ne5+ Kh8 37. Bxc4 Rxc4 (37... bxc4 $2 38. Nf7+ Kg8 39. Nd6+ Kh8 40. Be3 $18 (40. Nxc8 $2 Qe1#)) 38. Nf7+ Kg8 39. Ne5+ Kh8 40. Nf7+ Kg8 {[%emt 0:00:00] Weighted Error Value: White=0.12 (very precise) /Black=0.14 (very precise)} 1/2-1/2

[Event "Hungarian Championship Women 2022"]
[Site "Budapest"]
[Date "2022.12.10"]
[Round "6.1"]
[White "Terbe, Zsuzsanna"]
[Black "Dudas, Eszter"]
[Result "1-0"]
[ECO "D35"]
[WhiteElo "2114"]
[BlackElo "2135"]
[Annotator "TA"]
[PlyCount "127"]
[EventDate "2022.12.03"]
[EventType "tourn"]
[EventCountry "HUN"]
[SourceTitle "playchess.com"]
[Source "ChessBase"]
[SourceQuality "1"]
[TimeControl "40/5400+30:1800+30"]

1. d4 d5 2. c4 e6 3. Nc3 Nf6 4. cxd5 exd5 5. Bg5 Be7 6. e3 c6 7. Bd3 O-O 8. Qc2 h6 9. Bh4 Nbd7 10. Nge2 Re8 11. O-O Ne4 12. Bxe7 Qxe7 13. Bxe4 dxe4 14. a3 {[%emt 0:16:15] D36: Queen's Gambit Declined: Exchange Variation: Main line (5 Bg5 c6 6 Qc2).} Nf6 15. Ng3 b6 (15... h5) (15... h5 $5 ) 16. Qa4 {[%emt 0:13:52] The position is equal.} Bd7 {[%emt 0:05:00] [#]} 17. Rfd1 $146 ({Predecessor:} 17. Qa6 h5 18. h3 h4 19. Nge2 g5 20. Qb7 Qd6 21. f3 Rad8 22. Qxa7 exf3 23. Rxf3 {0-1 (41) Harsha,B (2024)-Zhu,Y (1963) Maribor 2012}) 17... h5 18. h3 h4 19. Nge2 Nh5 20. Rac1 Qg5 21. Kh1 Re6 (21... Qf5 $11 22. Rf1 Nf6) 22. d5 $16 Rg6 23. Rg1 (23. Qxe4 Re8 24. Qf3 Rf6 $15) 23... Qf5 (23... a5 $142) 24. Qxe4 (24. dxc6 $16 Rxc6 25. Nd4 (25. Qxe4 Qxf2 26. Qd4 Qf5 $16)) 24... Qxf2 $11 25. Rgf1 Ng3+ 26. Nxg3 Qxg3 27. Ne2 $36 {[%emt 0:00:33][%csl LRc6,LRg3][%mdl 2048] White is more active.} Qg5 (27... Qd6 $11 {and Black stays safe.}) 28. dxc6 $18 Be6 (28... Rxc6 29. Rxc6 Re8) 29. Nf4 Bf5 30. Qf3 Rd6 31. e4 Bg6 $2 (31... Bh7 32. c7 Rc8) 32. c7 Rc8 {[%emt 0:00:14] Inhibits e5.} 33. Nxg6 Qxg6 34. e5 Rd3 35. Qf4 (35. Qb7 $18 {is the precise move to win.} Qe6 36. Rfd1 (36. Qxa7 Rxh3+ 37. gxh3 Qxh3+ 38. Kg1 Qg3+ 39. Kh1 Qh3+ 40. Kg1 Qg3+ 41. Kh1 Qh3+ $11) 36... Rxd1+ 37. Rxd1) 35... Qe6 36. Rf2 (36. Rc4 $142) 36... Qd7 37. Qc4 (37. Qxh4 Rxc7 38. Rxc7 Qxc7 $14) (37. Rfc2 $16) 37... Rd5 $14 38. Qc6 {[%emt 0:01:02] Prevents Rc5. White is much more active.} (38. b4 $5 ) 38... Qxc6 39. Rxc6 $11 {[%emt 0:00:02][%mdl 4096] Endgame aiming for Rd6. KRR-KRR} Rd7 (39... Rc5 $11 {keeps the balance.} 40. Rxc5 bxc5) 40. Rfc2 $16 Kf8 41. a4 Rd5 (41... Re7 $14) 42. e6 $1 $18 ({Don't play} 42. Rd6 $6 Rxe5 43. Rd8+ Re8 $14) 42... f6 {[%emt 0:09:37] [#]} (42... fxe6 $16 {is a better defense.} 43. Rxe6 Rd7) 43. a5 $1 bxa5 44. R2c5 Rd1+ 45. Kh2 Ke7 46. Rxa5 Re1 47. Rxa7 Rxe6 48. Rc4 Rb6 49. Rc2 ({Don't take} 49. Rxh4 Rc6 $16) (49. b4 $18) 49... Kd7 $14 50. Kg1 (50. Rd2+ {simplifies} Ke8 51. Rd8+ Rxd8 52. cxd8=Q+ Kxd8 53. Rxg7 Rxb2 54. Rg4) 50... Rb3 {[%emt 0:03:44] [#]} ({Black should play} 50... Rb4 $14) 51. Kf2 (51. Ra3 $1 $16 Rb7 52. Rd3+ Ke6 53. Rdc3) 51... Rg3 {[%emt 0:01:07][%mdl 8192] Black cannot hold the game after this.} (51... Rb4 $14) 52. Ra3 (52. b4 $142 {Threatens to win with b5.} Rg5 53. Rb7) 52... Rg5 $18 (52... Rxa3 $2 53. bxa3 g6 54. Kf3) 53. Rd3+ Ke7 54. Re2+ Kf7 $2 (54... Re5 55. Rc2 Re4) 55. Rd7+ Kg6 56. Rc2 Rf5+ 57. Kg1 Ra5 58. Rd8 Raa8 59. Rxc8 {[%emt 0:00:05] White mates.} Rxc8 60. b4 Kf7 61. b5 Ke7 62. b6 Kd7 63. b7 Rxc7 64. Rd2+ {[%emt 0:00:05] Weighted Error Value: White=0.47/Black=0.49} (64. b8=B $2 {loses.} Rxc2 65. Ba7 Ke6 $19) 1-0

[Event "Hungarian Championship Women 2022"]
[Site "Budapest"]
[Date "2022.12.10"]
[Round "6.2"]
[White "Havanecz, Bianka"]
[Black "Ivan-Gal, Hanna Krisztina"]
[Result "1/2-1/2"]
[ECO "E70"]
[WhiteElo "2210"]
[BlackElo "2164"]
[Annotator "TA"]
[PlyCount "62"]
[EventDate "2022.12.03"]
[EventType "tourn"]
[EventCountry "HUN"]
[SourceTitle "playchess.com"]
[Source "ChessBase"]
[SourceQuality "1"]
[TimeControl "40/5400+30:1800+30"]

1. d4 Nf6 2. c4 g6 3. Nc3 Bg7 4. e4 d6 5. Bd3 O-O 6. Nge2 Nc6 7. O-O Nh5 8. Bc2 e5 9. d5 Ne7 {[%emt 0:00:14] E70: King's Indian: Miscellaneous lines with 4 e4, including 5 Nge2 and 5 Bd3 0-0 6 Nge2.} 10. Ng3 Nf4 11. Be3 f5 {[%emt 0:01:40][%cal Of4g2] [#] White has an edge.} 12. exf5 $146 ({Predecessor:} 12. f3 Nxg2 13. Kxg2 f4 14. Bd2 fxg3 15. hxg3 h6 16. Rh1 g5 17. Qe2 Ng6 18. Nd1 {1-0 (38) Reinderman,D (2526)-Brandenburg,D (2435) Hilversum 2008}) 12... Nxf5 13. Bxf5 Bxf5 14. Nxf5 Rxf5 15. Ne4 Qh4 {[%emt 0:08:10][%cal Of4g2] [#] White must now prevent ...Nxg2!} 16. f3 {[%emt 0:03:10] And now g3 would win.} Rh5 17. Bxf4 (17. h3 {is interesting.} a5 18. Qd2 b6 19. b3) 17... exf4 18. h3 Qe7 19. Rf2 Re5 20. Re2 g5 21. Qd3 Re8 22. Rae1 b6 23. b3 h6 24. Kf1 Qf7 25. Nc3 Rxe2 {[%emt 0:02:24] The position is equal.} 26. Rxe2 Rxe2 27. Nxe2 $11 {[%emt 0:00:12] KQB-KQN} Qf6 28. Qe4 Kf7 29. Kf2 Qe5 30. Qxe5 Bxe5 31. Nc1 Bd4+ {[%emt 0:00:28] Weighted Error Value: White=0.13 (very precise) /Black=0.10 (very precise)} 1/2-1/2